AoeStats
← _LV_猜单车Yo

Golden Pit

510237909Analyzed
1v1 RM · 1d ago on Sep 30, 2026· 28m 40s· 2 players
Game mode
Random Map
Map size
Tiny (2 player)
Population
200
Speed
Normal
Resources
Standard
Victory
Conquest
Starting age
Dark Age
Ending age
Imperial Age
RankedLock teamsTeams togetherTeam positionsShared explorationLock speedFull tech treeHidden civsTurbo modeCheats
Victory
Defeat
🇨🇳 Franks · China
958
+15
🇲🇽 Franks · Mexico
943
-15
hidalGOD
10:16 Feudal Age
8:31 Loom
21:34 Castle Age
22:15 Double-Bit Axe
23:50 Pikeman
_LV_猜单车Yo
10:20 Feudal Age
10:09 Loom
10:58 Double-Bit Axe
18:43 Castle Age
17:56 Gold Mining
18:53 Forging
23:57 Bow Saw
24:32 Scale Barding Armor
Connection lost

Rejoining the realm…

Still unreachable

The connection could not be restored.

Session expired

The server has moved on; the page needs a fresh start.